 Dungeon Crawl Stone Soup version 0.30.1-4-g462c640d31 (webtiles) character file.

Game seed: 290575261585817494

933 safid the Chiller (level 8, 0/61 HPs)
             Began as a Merfolk Ice Elementalist on Aug 15, 2023.
             Slain by an ogre
             ... wielding a +0 giant club
              (27 damage)
             ... on level 5 of the Dungeon.
             The game lasted 00:05:52 (3795 turns).

safid the Chiller (Merfolk Ice Elementalist)        Turns: 3795, Time: 00:05:53

Health: 0/61       AC:  9    Str:  9    XL:     8   Next: 11%
Magic:  9/15       EV: 14    Int: 16    God:
Gold:   175        SH:  0    Dex: 14    Spells: 9/16 levels left

rFire   . . .        l - +2 dagger (venom)
rCold   . . .        (no shield)
rNeg    . . .        a - +0 robe
rPois   .            (no helmet)
rElec   .            (no cloak)
rCorr   .            (no gloves)
SInv    .            (no boots)
Will    .....        (no amulet)
Stlth   ++           t - ring of wizardry
HPRegen 0.30/turn    (no ring)
MPRegen 0.14/turn

%: wizardry (x1)
@: ice-armoured, freezing walls
A: (nimble swimmer 2), mertail
a: no special abilities


You were on level 5 of the Dungeon.
You visited 1 branch of the dungeon, and saw 5 of its levels.

You collected 175 gold pieces.

Inventory:

Hand Weapons
 l - a +2 dagger of venom (weapon)
Armour
 a - a +0 robe (worn)
Jewellery
 t - a ring of wizardry (left hand)
 w - a +6 ring of strength
Wands
 e - a wand of polymorph (14)
 y - a wand of quicksilver (3)
 z - a wand of flame (18)
Scrolls
 c - a scroll of fear {unknown}
 d - 2 scrolls of enchant armour {unknown}
 i - a scroll of enchant weapon {unknown}
 k - 3 scrolls of teleportation {unknown}
 m - 5 scrolls of identify {unknown}
 o - a scroll of vulnerability {unknown}
 p - a scroll of blinking {unknown}
 r - a scroll of poison {unknown}
 v - a scroll of amnesia {unknown}
Potions
 b - a potion of magic
 f - a potion of flight {unknown}
 g - a potion of attraction {unknown}
 h - a potion of berserk rage {unknown}
 j - a potion of haste {unknown}
 n - a potion of might {unknown}
 q - a potion of brilliance {unknown}
 s - 2 potions of curing {unknown}
 u - 4 potions of lignification {unknown}
 x - a potion of mutation {unknown}


   Skills:
 + Level 4.7 Fighting
 + Level 5.9 Dodging
 - Level 2.1 Stealth
 + Level 4.6 Spellcasting
 + Level 6.7 Ice Magic


You had 9 spell levels left.
You knew the following spells:

 Your Spells              Type           Power      Damage    Failure   Level
a - Freeze                Ice            100%       1d10      1%          1
b - Frozen Ramparts       Ice            50%        1d8       1%          3
c - Ozocubu's Armour      Ice            25%        N/A       1%          3

Your spell library contained the following spells:

 Spells                   Type           Power      Damage    Failure   Level
 Ensorcelled Hibernation  Hex/Ice        28%        N/A       2%          2
 Passwall                 Tmut/Erth      2%         N/A       10%         2
 Summon Ice Beast         Ice/Summ       14%        N/A       16%         4
 Swiftness                Air            3%         N/A       19%         3


Dungeon Overview and Level Annotations

Branches:
Dungeon (5/15)
 Temple: D:4-7

Altars:
Zin
The Shining One

Shops:
D:4 *


Innate Abilities, Weirdness & Mutations

((You are very nimble when in or above water. (Stealth+, EV+, Speed+++)))
Your lower body shifts to a powerful aquatic tail in water.


Message History

The ufetubus barely misses you. The ufetubus closely misses you.
The ufetubus completely resists.
The wall freezes the ufetubus but does no damage.
The ufetubus barely misses you. x2; The wall freezes the hound.
The hound closely misses you.
Casting: Frozen Ramparts (safe; 1% risk of failure)
Confirm with . or Enter, or press ? or * to list all spells.
A film of ice covers your body!
The ufetubus resists.
The wall freezes the ufetubus.
The ufetubus hits you. The ufetubus closely misses you.
The wall freezes the hound.
The hound bites you.
The ufetubus resists.
The wall freezes the ufetubus.
The ufetubus closely misses you. x2; The wall freezes the hound.
The hound bites you.
The ufetubus completely resists.
The wall freezes the ufetubus but does no damage.
The ufetubus barely misses you. The ufetubus misses you.
The wall freezes the hound.
You kill the hound!
You barely miss the ufetubus.
The ufetubus is heavily wounded.
The wall freezes the ufetubus but does no damage.
The ufetubus completely misses you. The ufetubus closely misses you.
Unknown command.
You hit the ufetubus but do no damage.
The ufetubus is heavily wounded.
The ufetubus resists.
The wall freezes the ufetubus.
The ufetubus barely misses you. The ufetubus closely misses you.
The ufetubus resists.
The wall freezes the ufetubus.
You kill the ufetubus!
The wall freezes the ogre but does no damage.
The ogre hits you with a +0 giant club!
You barely miss the ogre.
An orc comes into view. It is wielding a +0 hand axe.
Unknown command.
The orc shouts!
You hit the ogre.
The ogre is poisoned.
The ogre is lightly wounded.
The wall freezes the ogre.
The ogre hits you with a +0 giant club!!
You die...

.......<............
...................
..............o.#
##..............#
#...............#..
#...#........)......
##.##..........#....
.....##............
...##@O...........
... #....#........
#.#...........
..#..(.#......
..............
.........#....
#.##......#.. ##..
#..


You could see an ogre (very poisoned) and an orc.

Vanquished Creatures
  Eustachio (D:4)
  Duvessa (D:4)
  An ogre (D:4)
  3 scorpions (D:4)
  Dowan (D:4)
  A hound (D:5)
  3 orc priests (D:4)
  Natasha (thrice) (D:4)
  2 orc wizards (D:3)
  4 adders
  A shadow imp (D:4)
  An ufetubus (D:5)
  A worm (D:4)
  2 dart slugs
  11 orcs
  4 ball pythons
  7 bats
  5 endoplasms
  3 giant cockroaches
  6 goblins
  8 hobgoblins
  10 jackals
  4 quokkas
  2 frilled lizards
  8 kobolds
  5 rats
98 creatures vanquished.

Notes
Turn   | Place    | Note
-------+----------+-------------------------------------------
     0 | D:1      | safid the Merfolk Ice Elementalist began the quest for the
                  | Orb.
     0 | D:1      | Reached XP level 1. HP: 13/13 MP: 3/3
    98 | D:1      | Reached XP level 2. HP: 14/20 MP: 3/5
   238 | D:1      | Reached skill level 1 in Fighting
   640 | D:1      | Reached XP level 3. HP: 26/26 MP: 6/6
   671 | D:1      | Learned a level 3 spell: Frozen Ramparts
   811 | D:2      | Found a faded altar of an unknown god.
  1620 | D:3      | Reached skill level 5 in Ice Magic
  1654 | D:3      | Reached XP level 4. HP: 33/33 MP: 8/8
  1660 | D:3      | Learned a level 3 spell: Ozocubu's Armour
  1863 | D:3      | Reached XP level 5. HP: 15/39 MP: 1/9
  2864 | D:4      | Noticed Natasha
  2864 | D:4      | Noticed an ogre
  2872 | D:4      | Reached XP level 6. HP: 18/47 MP: 4/11
  2876 | D:4      | Killed Natasha
  2977 | D:4      | Found a glowing golden altar of the Shining One.
  3050 | D:4      | Found Zin's Purification Station.
  3055 | D:4      | Found a glowing silver altar of Zin.
  3093 | D:4      | Noticed Natasha
  3100 | D:4      | Killed Natasha
  3134 | D:4      | Noticed Natasha
  3173 | D:4      | Killed Natasha
  3174 | D:4      | Reached skill level 6 in Ice Magic
  3174 | D:4      | Reached XP level 7. HP: 53/53 MP: 5/12
  3237 | D:4      | Noticed Eustachio
  3257 | D:4      | Killed Eustachio
  3258 | D:4      | Reached skill level 5 in Dodging
  3452 | D:4      | Noticed Dowan
  3460 | D:4      | Killed Dowan
  3460 | D:4      | Noticed Duvessa
  3471 | D:4      | Killed Duvessa
  3472 | D:4      | Reached XP level 8. HP: 37/61 MP: 2/14
  3771 | D:5      | Entered Level 5 of the Dungeon
  3795 | D:5      | Slain by an ogre

Illustrated notes

Levels and vault maps discovered:
D:1:      lightli_arrival_windingriver, layout_basic
D:2:      layout_basic, shapermc_ecumenical_altar_acropolis,
          chequers_serial_rivers_micro_a, kennysheep_another_room
D:3:      layout_loops_cross, roderic_lattice_a, minmay_door_square
D:4:      layout_basic, zin_purify, nicolae_overflow_crystal_walls,
          nicolae_wormholes, uniq_natasha, uniq_eustachio, uniq_duvessa
D:5:      layout_cave_pools, serial_shops, shop, corexii_corridor_pit

Skill      XL: |  1  2  3  4  5  6  7 |
---------------+----------------------+-----
Fighting       | 1 2 3 4 |  4.7
Ice Magic      | 5 6 |  6.7
Dodging        | 3 4 5 |  5.9
Spellcasting   | 3 4 |  4.6
Stealth        | |  2.1

Action                     |  1- 3 |  4- 6 |  7- 9 || total
---------------------------+-------+-------+-------++-------
  Melee: Short sword       |    58 |       |       ||    58
         Unarmed           |     2 |       |       ||     2
         Dagger            |    54 |    78 |    44 ||   176
         Punch             |     2 |     1 |       ||     3
   Cast: Freeze            |    11 |     5 |     7 ||    23
         Frozen Ramparts   |     1 |     7 |     7 ||    15
         Ozocubu's Armour  |       |     5 |     3 ||     8
    Use: Potion            |       |     1 |     1 ||     2
   Stab: Sleeping          |     4 |     5 |       ||     9
 Armour: Robe              |    30 |    13 |     7 ||    50
  Dodge: Dodged            |    83 |    40 |    55 ||   178
